 Dungeon Crawl Stone Soup version 0.28.0-53-g5a82cb258f (webtiles) character file.

Game seed: 5125527036370029423

100 buhh the Skirmisher (level 4, -31/33 HPs)
             Began as an Octopode Transmuter on June 20, 2022.
             Killed from afar by Ijyb (35 damage)
             ... with a bolt of acid
             ... on level 4 of the Dungeon.
             The game lasted 00:03:22 (3310 turns).

buhh the Skirmisher (Octopode Transmuter)           Turns: 3310, Time: 00:03:23

Health: -31/33     AC:  1    Str:  9    XL:     4   Next: 73%
Magic:  5/7        EV: 13    Int: 17    God:
Gold:   42         SH:  0    Dex: 12    Spells: 4/7 levels left

rFire   . . .      SeeInvis .     - Unarmed
rCold   . . .      Faith    .   (no shield)
rNeg    . . .      Spirit   .   (helmet currently unavailable)
rPois   .          Reflect  .   (no amulet)
rElec   .          Harm     .   (no ring)
rCorr   .          Rampage  .   (no ring)
Will    .....                   (no ring)
Stlth   +++.......              (no ring)
HPRegen 0.11/turn               (no ring)
MPRegen 0.10/turn               (no ring)
                                (no ring)
                                (no ring)

@: appendages (expiring), wereblooded
A: tentacle spike 3, almost no armour, amphibious, 8 rings, camouflage 1,
gelatinous body 1, (nimble swimmer 1), tentacles
a: End Transformation


You were on level 4 of the Dungeon.
One of your tentacles had grown a beastly spike.
You visited 1 branch of the dungeon, and saw 4 of its levels.

You collected 42 gold pieces.

Inventory:

Wands
 h - a wand of polymorph (10)
Scrolls
 c - 4 scrolls of identify {unknown}
 i - a scroll of magic mapping {unknown}
Potions
 a - a potion of invisibility {unknown}
 b - 3 potions of attraction {unknown}
 d - 2 potions of might {unknown}
 e - 3 potions of curing {unknown}
 f - a potion of ambrosia {unknown}
 g - a potion of flight {unknown}


   Skills:
 + Level 4.3 Fighting
 - Level 2.0 Dodging
 - Level 1.0 Stealth
 - Level 3.0 Unarmed Combat
 - Level 2.0 Spellcasting
 - Level 2.0 Transmutations


You had 4 spell levels left.
You knew the following spells:

 Your Spells              Type           Power      Damage    Failure   Level
a - Beastly Appendage     Tmut           16%        N/A       9%          1
b - Wereblood             Tmut           8%         N/A       13%         2

Your spell library contained the following spells:

 Spells                   Type           Power      Damage    Failure   Level
 Spider Form              Tmut/Pois      5%         N/A       36%         3
 Ice Form                 Ice/Tmut       5%         N/A       77%         4


Dungeon Overview and Level Annotations

Branches:
Dungeon (4/15)
 Temple: D:4-7

Altars:
Yredelemnul
Beogh

Annotations:
D:3 4 runed translucent doors, exclusion: door, Crazy Yiuf; buhh's ghost, amateur FoHu
D:4 exclusion: phantom, Ijyb


Innate Abilities, Weirdness & Mutations

One of your tentacles has grown a beastly spike.
You cannot wear most types of armour.
You are amphibious.
You can wear up to eight rings at the same time.
Your skin changes colour to match your surroundings (Stealth+).
Your rubbery body absorbs attacks. (AC +1, EV +1)
((You are camouflaged when in or above water. (Stealth+)))
You have tentacles for arms and can constrict up to eight enemies at once.


Message History

You barely miss the goblin. Your grab misses the goblin.
Your tentacle spike misses the goblin.
An orc comes into view. It is wielding a +0 short sword.
The goblin hits you with a +0 dagger.
You closely miss the goblin. You grab the goblin.
You pierce the goblin.
You feel a bit better.
You kill the goblin!
You tentacle-slap the goblin.
You feel a bit better.
You kill the goblin!
An orc comes into view. It is wielding a +0 hand axe.
A kobold comes into view. It is wielding a +0 dagger.
The kobold shouts!
The orc shouts!
You tentacle-slap the orc.
You kill the orc!
You howl as the wereblood boils in your veins!
Your transformation is almost over.
You hear a shout!
An orc comes into view. It is wielding a +0 flail.
The orc barely misses you.
Things that are here:
a +0 club; an orc corpse You barely miss the orc.
You grab the orc. You constrict the orc.
The orc hits you with a +0 short sword.
You tentacle-slap the orc but do no damage.
You squeeze the orc.
The orc is severely wounded.
You howl as the wereblood boils in your veins!
You constrict the orc, but do no damage.
The orc hits you with a +0 short sword.
You tentacle-slap the orc.
You pierce the orc.
You feel a bit better.
You kill the orc!
You howl as the wereblood boils in your veins!
Ijyb zaps a wand.
The bolt of acid hits you!!
Ouch! That really hurt!
* * * LOW HITPOINT WARNING * * *
The kobold throws a stone.
The stone misses you.
The stone hits Ijyb.
Ijyb zaps a wand.
The bolt of acid misses you.
Ijyb zaps a wand.
The bolt of acid hits you!!
Ouch! That really hurt!
You die...

#..<.†<...###
♣.........##.
♣♣..##.####.. PW(.
#.####.# P♣♣ ##.#....#
###....#### #####....### #
##..########.........# #
#..oo.K).@).g........# ##
##.############.....>####.
8.8.8.8.....>##...
..................
ggg..........##.##
.........♣♣♣.♣#.#
gg.g.....♣ .P< ..
..g......P ♣# ##
8.8.8.8Z..


You could see Ijyb, 2 orcs and a kobold.

Vanquished Creatures
  2 adders (D:3)
  4 dart slugs
  2 orcs (D:4)
  7 endoplasms
  2 giant cockroaches (D:1)
  12 goblins
  7 hobgoblins
  3 jackals (D:1)
  4 kobolds
  3 quokkas
  5 ball pythons
  4 bats
  5 frilled lizards
  6 rats
66 creatures vanquished.

Notes
Turn   | Place    | Note
-------+----------+-------------------------------------------
     0 | D:1      | buhh the Octopode Transmuter began the quest for the Orb.
     0 | D:1      | Reached XP level 1. HP: 13/13 MP: 3/3
   187 | D:1      | Reached XP level 2. HP: 19/19 MP: 3/5
   243 | D:1      | Reached skill level 2 in Fighting
   660 | D:1      | Reached XP level 3. HP: 25/25 MP: 4/6
   674 | D:1      | Found a faded altar of an unknown god.
   957 | D:2      | Found a basalt altar of Yredelemnul.
  1029 | D:2      | You fall into a shaft and drop 1 floor!
  1046 | D:3      | Reached skill level 3 in Fighting
  1092 | D:3      | Found a runed translucent door.
  1093 | D:3      | Noticed Crazy Yiuf
  2268 | D:3      | Reached XP level 4. HP: 26/33 MP: 7/7
  2430 | D:3      | Noticed a scorpion
  2435 | D:3      | a scorpion changed into an endoplasm
  2650 | D:3      | Found a runed translucent gate.
  2651 | D:3      | Found a runed translucent gate.
  2651 | D:3      | Noticed buhh's ghost (amateur FoHu)
  2655 | D:3      | Found a runed translucent gate.
  2801 | D:3      | Reached skill level 4 in Fighting
  3168 | D:4      | Noticed a phantom
  3283 | D:4      | Noticed Ijyb
  3293 | D:4      | Learned a level 2 spell: Wereblood
  3310 | D:4      | Killed from afar by Ijyb

Illustrated notes

Levels and vault maps discovered:
D:1:      minmay_arrival_wavy_path, layout_rooms,
          hellmonk_ecumenical_altar_defaced_shrine
D:2:      layout_basic, basic_altar, minmay_goblin_outpost
D:3:      layout_basic, ebering_ghost_rock_garden, uniq_crazy_yiuf_cottage
D:4:      kennysheep_the_goblin_king, layout_rooms,
          mainiacjoe_overflow_alcove_3, nicolae_ashenzari_skybound,
          mainiacjoe_overflow_paths, serial_forest,
          infiniplex_forest_clump_long, infiniplex_forest_lined_corner,
          infiniplex_forest_corner_1, infiniplex_forest_corner_1,
          infiniplex_forest_end_3, infiniplex_forest_end_3,
          infiniplex_forest_lined_room_2, ebering_ghost_inner_flame

Skill      XL: |  1  2  3  4 |
---------------+-------------+-----
Stealth        | 1 |  1.0
Fighting       | 2 3 4 |  4.3
Dodging        | |  2.0
Unarmed Combat | |  3.0
Spellcasting   | |  2.0
Transmutations | |  2.0

Action                   |  1- 3 |  4- 6 || total
-------------------------+-------+-------++-------
Melee: Unarmed           |    77 |    44 ||   121
       Tentacles         |    14 |     7 ||    21
       Constrict         |    22 |    10 ||    32
       Kick              |    23 |    14 ||    37
       Punch             |     4 |     1 ||     5
 Cast: Beastly Appendage |    24 |    10 ||    34
       Wereblood         |       |     1 ||     1
Evoke: Wand              |       |     5 ||     5
 Stab: Sleeping          |     8 |     3 ||    11
       Distracted        |       |     1 ||     1
Armor: Skin              |     5 |     2 ||     7
Dodge: Dodged            |    37 |    21 ||    58
